 Dungeon Crawl Stone Soup version 0.30.0-29-ga12c61a403 (webtiles) character file.

Game seed: 2141004825248253091

37 javelincjr the Grave Robber (level 3, 0/24 HPs)
             Began as a Demonspawn Necromancer on June 20, 2023.
             Killed from afar by Sigmund (7 damage)
             ... with a magic dart
             ... on level 3 of the Dungeon.
             The game lasted 00:09:30 (1936 turns).

javelincjr the Grave Robber (DsNe)                  Turns: 1936, Time: 00:09:30

Health: 0/24       AC:  4    Str:  8    XL:     3   Next: 21%
Magic:  6/6        EV: 17    Int: 18    God:
Gold:   118        SH:  0    Dex: 13    Spells: 5/6 levels left

rFire   + . .        r - +1 spear (vamp)
rCold   + + .        (no shield)
rNeg    . . .        q - +2 robe {rC+ rF+}
rPois   .            x - +0 hat
rElec   .            (no cloak)
rCorr   .            (no gloves)
SInv    .            (no boots)
Will    .....        (no amulet)
Stlth   ++           i - +5 ring of evasion
HPRegen 0.24/turn    k - ring of protection from cold
MPRegen 0.10/turn

%: no passive effects
@: no status effects
A: weakness stinger 2
a: no special abilities


You were on level 3 of the Dungeon.
You visited 1 branch of the dungeon, and saw 3 of its levels.

You collected 118 gold pieces.

Inventory:

Hand Weapons
 j - a +0 dagger
 r - a +1 vampiric spear (weapon)
Missiles
 s - 3 poisoned darts
 u - 2 throwing nets
Armour
 a - a +0 robe
 q - a +2 robe of resistance (worn)
 x - a +0 hat (worn)
Jewellery
 i - a +5 ring of evasion (left hand)
 k - a ring of protection from cold (right hand)
 w - a ring of positive energy
Wands
 v - a wand of iceblast (3)
Scrolls
 d - a scroll of noise {unknown}
 e - 6 scrolls of identify {unknown}
 g - 3 scrolls of amnesia {unknown}
 h - a scroll of enchant weapon {unknown}
 l - a scroll of teleportation {unknown}
 m - a scroll of vulnerability {unknown}
 n - a scroll of torment {unknown}
 o - a scroll of blinking {unknown}
 p - a scroll of immolation {unknown}
Potions
 b - 3 potions of magic
 c - a potion of brilliance {unknown}
 f - 2 potions of curing {unknown}
 t - a potion of heal wounds {unknown}


   Skills:
 + Level 2.2 Dodging
 + Level 2.3 Stealth
 + Level 2.4 Spellcasting
 + Level 4.7 Necromancy


You had 5 spell levels left.
You knew the following spells:

 Your Spells              Type           Power      Damage    Failure   Level
a - Necrotise             Necr           76%        1d7       2%          1

Your spell library contained the following spells:

 Spells                   Type           Power      Damage    Failure   Level
 Vampiric Draining        Necr           19%        2d7       8%          3
 Animate Dead             Necr           19%        N/A       24%         4
 Stone Arrow              Conj/Erth      4%         3d7       45%         3
 Agony                    Necr           19%        N/A       56%         5
 Animate Armour           Summ/Erth      4%         N/A       86%         4
 Lehudib's Crystal Spear  Conj/Erth      1%         10d2      100%        8


Dungeon Overview and Level Annotations

Branches:
Dungeon (3/15)

Altars:
Xom

Annotations:
D:3 Grinder, Sigmund


Innate Abilities, Weirdness & Mutations

You have a tail ending in a sharp stinger.


Message History

Sigmund closely misses you.
You bump into the rock wall.
You feel less confused. Sigmund barely misses you.
You reach to attack!
You hit Sigmund.
Sigmund is moderately wounded.
Sigmund mumbles some strange words.
Sigmund flickers and vanishes!
Deactivating autopickup; reactivate with Ctrl-A.
Found a scroll labelled JOHENA PIHE.
A puff of flame appears from out of thin air!
The puff of flame hits you. You resist.
You see here a scroll labelled JOHENA PIHE.
You hear a zap.
A puff of flame appears from out of thin air!
The puff of flame hits you. You resist.
Found a pair of boots.
You are confused.
You bump into the rock wall.
You bump into the rock wall.
You hear a zap.
A puff of flame appears from out of thin air!
The puff of flame hits you. You resist.
You are too confused!
You bump into the rock wall.
You bump into the rock wall.
You hear a zap.
A puff of flame appears from out of thin air!
The puff of flame hits you. You resist.
* * * LOW HITPOINT WARNING * * *
You hear some strange, mumbled words.
Something tries to affect you, but you resist.
You bump into the closed door.
You feel less confused.
You hear a zap.
A puff of flame appears from out of thin air!
The puff of flame misses you.
A magic dart appears from out of thin air!
The magic dart hits you!
You die...

.(..# ######### .####
#.......# .# #.......#
.# #.......# .#
#.......# .# #.?.....#
.#########.......#
.................+
.#########...{..@#
.#......#########....[.#
.#......# ..#####
........# ....
........#### .####
...........# .#
...........# ..
.#.........# ..
.#......####


There were no monsters in sight!

Vanquished Creatures
  An orc (D:3)
  4 ball pythons
  2 endoplasms (D:1)
  A giant cockroach (D:2)
  A goblin (D:2)
  4 hobgoblins
  2 jackals (D:1)
  2 kobolds (D:2)
  3 quokkas
  4 bats
  A frilled lizard (D:1)
  5 rats
30 creatures vanquished.

Vanquished Creatures (collateral kills)
  A ball python (D:2)
1 creature vanquished.

Grand Total: 31 creatures vanquished

Notes
Turn   | Place    | Note
-------+----------+-------------------------------------------
     0 | D:1      | javelincjr the Demonspawn Necromancer began the quest for
                  | the Orb.
     0 | D:1      | Reached XP level 1. HP: 13/13 MP: 3/3
   272 | D:1      | Gained mutation: You have a small tail. [demonic ancestry]
   272 | D:1      | Reached XP level 2. HP: 17/19 MP: 0/5
   338 | D:1      | Found a faded altar of an unknown god.
   991 | D:2      | Gained mutation: You have a tail ending in a sharp stinger.
                  | [demonic ancestry]
   991 | D:2      | Reached XP level 3. HP: 24/24 MP: 1/6
  1510 | D:3      | Noticed Grinder
  1700 | D:3      | Found a shimmering altar of Xom.
  1870 | D:3      | Noticed Sigmund
  1936 | D:3      | Killed from afar by Sigmund

Illustrated notes

Levels and vault maps discovered:
D:1:      minmay_arrival_radiant_lines, layout_loops_cross,
          ebering_ecumenical_altar_webs
D:2:      layout_rooms, minmay_circle_x
D:3:      layout_basic, lemuel_crystal_altar, supply_closet_lemuel,
          uniq_grinder, uniq_terence, uniq_sigmund

Skill      XL: |  1 |
---------------+----+-----
Dodging        | 2 |  2.2
Stealth        | 2 |  2.3
Spellcasting   | |  2.4
Necromancy     | |  4.7

Action                     || total
---------------------------++-------
  Melee: Unarmed           ||    12
         Punch             ||     1
         Dagger            ||     9
         Tailslap          ||     1
         Spear             ||    12
   Cast: Necrotise         ||    42
 Armour: Robe              ||     7
  Dodge: Dodged            ||    43
